 Dungeon Crawl Stone Soup version 0.31-a0-430-gf8416d752b (webtiles) character file.

Game seed: 11858138351001214806

4030 AdnanSaban the Basher (level 10, 0/63 HPs)
             Began as a Gargoyle Fighter on July 31, 2023.
             Killed by divine providence
             ... invoked by an orc priest
              (11 damage)
             ... on level 8 of the Dungeon.
             The game lasted 00:13:51 (8274 turns).

AdnanSaban the Basher (Gargoyle Fighter)            Turns: 8274, Time: 00:13:51

Health: 0/63       AC: 19    Str: 25    XL:     10   Next: 24%
Magic:  10/10      EV: 10    Int:  8    God:
Gold:   439        SH:  5    Dex:  9    Spells: 9/9 levels left

rFire   . . .        E - +3 flail
rCold   . . .        c - +0 buckler
rNeg    + . .        C - +3 scale mail
rPois   ∞            (no helmet)
rElec   +            b - +0 cloak
rCorr   .            (no gloves)
SInv    .            (no boots)
Will    .....        (no amulet) Stlth
                     (no ring)
HPRegen 0.30/turn    (no ring)
MPRegen 0.12/turn

%: no passive effects
@: no status effects
A: sickness immunity, AC +7, negative energy resistance 1, electricity
resistance, torment resistance 1, petrification resistance
a: no special abilities


You were on level 8 of the Dungeon.
You visited 2 branches of the dungeon, and saw 9 of its levels.

You collected 439 gold pieces.

Inventory:

Hand Weapons
 E - a +3 flail (weapon)
Missiles
 j - 22 stones (quivered)
 s - 6 poisoned darts
 t - 6 boomerangs
 F - a throwing net
Armour
 b - a +0 cloak (worn)
 c - a +0 buckler (worn)
 C - a +3 scale mail (worn)
Wands
 v - a wand of flame (57)
 w - a wand of light (8)
 y - a wand of iceblast (7)
Scrolls
 f - 3 scrolls of vulnerability {unknown}
 h - 3 scrolls of enchant weapon {unknown}
 i - a scroll of torment {unknown}
 k - 3 scrolls of revelation {unknown}
 m - a scroll of noise {unknown}
 n - 2 scrolls of blinking {unknown}
 o - 2 scrolls of teleportation {unknown}
 q - 4 scrolls of identify {unknown}
 x - a scroll of enchant armour {unknown}
 A - a scroll of butterflies {unknown}
 B - 3 scrolls of fear {unknown}
Potions
 a - a potion of magic {unknown}
 d - 2 potions of might
 e - 4 potions of curing {unknown}
 g - a potion of degeneration {unknown}
 l - a potion of lignification {unknown}
 p - a potion of heal wounds {unknown}
 r - a potion of haste {unknown}
 u - a potion of resistance {unknown}
 z - a potion of mutation {unknown}
 D - 2 potions of invisibility {unknown}


   Skills:
 + Level 7.1 Fighting
 + Level 9.8 Maces & Flails
 + Level 1.8 Throwing
 + Level 8.2 Armour
 + Level 2.5 Dodging
 + Level 1.7 Stealth
 + Level 5.8 Shields


You had 9 spell levels left.
You didn't know any spells.
Your spell library contained the following spells:

 Spells                   Type           Power      Damage    Failure   Level
 Shock                    Conj/Air       0%         1d3       71%         1
 Summon Small Mammal      Summ           0%         N/A       71%         1
 Call Canine Familiar     Summ           0%         N/A       97%         3
 Gell's Gravitas          Tloc           0%         N/A       97%         3
 Inner Flame              Hex/Fire       0%         N/A       97%         3
 Summon Guardian Golem    Hex/Summ       0%         N/A       97%         3
 Swiftness                Air            0%         N/A       97%         3
 Teleport Other           Tloc           0%         N/A       97%         3
 Vhi's Electric Charge    Tloc/Air       0%         N/A       97%         3
 Airstrike                Air            0%         2d(0-16)  100%        4
 Arcjolt                  Conj/Air       0%         1d10      100%        5
 Yara's Violent Unravell  Hex/Tmut       0%         3d3       100%        5
 Dispersal                Tloc           0%         N/A       100%        6
 Enfeeble                 Hex            0%         N/A       100%        7
 Maxwell's Capacitive Co  Air            0%         ∞         100%        8


Dungeon Overview and Level Annotations

Branches:
Dungeon (8/15)             Temple (1/1) D:6
   Lair: D:8-11

Altars:
Ashenzari
Cheibriados
Dithmenos
Fedhas
Hepliaklqana
Kikubaaqudgha
Trog
Uskayaw
Vehumet
Yredelemnul
Zin
The Shining One

Shops:
D:5 [

Annotations:
D:7 3 runed translucent doors, blacky4's ghost, novice DjFE


Innate Abilities, Weirdness & Mutations

You are immune to sickness and miasma.
Your stone body is resilient. (AC +7)
You are immune to poison.
You resist negative energy. (rN+)
You are resistant to electric shocks. (rElec)
You are resistant to unholy torment.
You are immune to petrification.


Message History

The yak is almost dead.
You hear the quick creaking of a distant portcullis.
The yak gores you but does no damage.
You hit the yak but do no damage.
The yak is almost dead.
The yak gores you!
You are too injured to fight recklessly!
You are too injured to fight recklessly!
You are too injured to fight recklessly!
You are too injured to fight recklessly!
You are too injured to fight recklessly!
You are too injured to fight recklessly!
You are too injured to fight recklessly!
You are too injured to fight recklessly!
You are too injured to fight recklessly!
You are too injured to fight recklessly!
You are too injured to fight recklessly!
You are too injured to fight recklessly!
You are too injured to fight recklessly!
You are too injured to fight recklessly!
You are too injured to fight recklessly!
You are too injured to fight recklessly!
You are too injured to fight recklessly!
You are too injured to fight recklessly!
You are too injured to fight recklessly!
You are too injured to fight recklessly!
You are too injured to fight recklessly!
Unknown command.
The yak attacks as you move away! The yak gores you but does no damage.
The orc priest mumbles some strange prayers to Beogh against you.
Beogh smites you! The yak attacks as you move away!
The yak gores you but does no damage.
There is an open door here.
The yak attacks as you move away! The yak gores you but does no damage.
The orc priest calls down the wrath of Beogh upon you.
Beogh smites you!
* * * LOW HITPOINT WARNING * * *
The orc priest calls down the wrath of Beogh upon you.
Beogh smites you!
You die...

...
##o...##≈≈..≈≈##
. ##.o.#≈≈♣♣.♣≈≈#
##o.#≈.♣.♣..≈#
##'#≈..♣.♣.≈#
#.#≈≈♣.♣♣≈≈#
##Y##≈≈†.≈≈##
#.Y.##≈..≈##
##...###''##
#..@..#...#
#.######...##.###
#.........###.#
########..###.#
#......# ##.#####
#.# #.# ### ##
#######.## #.. ..


You could see 2 yaks, an orc priest and an orc.

Vanquished Creatures
  Pikel (D:6)
  A troll (D:6)
  Sigmund (D:6)
  4 yaks (D:8)
  A steam dragon (D:4)
  A water moccasin (D:8)
  A sky beast (D:6)
  An orc warrior (D:8)
  An ice beast (D:6)
  2 black bears
  3 ogres
  2 centaurs (D:6)
  A lemure (D:5)
  A bullfrog (D:6)
  2 gnoll sergeants
  5 scorpions
  5 wights
  An electric eel (D:6)
  A jelly (D:7)
  3 orc priests
  7 hounds
  A sleepcap (D:5)
  2 iguanas
  5 orc wizards
  7 gnolls
  4 adders
  2 ufetubi
  2 worms (D:3)
  A dart slug (D:1)
  21 orcs
  7 ball pythons
  4 bats (D:3)
  4 endoplasms
  A giant cockroach (D:4)
  6 goblins
  3 hobgoblins
  13 jackals
  5 quokkas
  7 frilled lizards
  4 kobolds
  6 rats
150 creatures vanquished.

Vanquished Creatures (others)
  An endoplasm (D:4)
1 creature vanquished.

Grand Total: 151 creatures vanquished

Notes
Turn   | Place    | Note
-------+----------+-------------------------------------------
     0 | D:1      | AdnanSaban the Gargoyle Fighter began the quest for the
                  | Orb.
     0 | D:1      | Reached XP level 1. HP: 14/14 MP: 1/1
    82 | D:1      | Reached XP level 2. HP: 19/19 MP: 2/2
   345 | D:1      | Reached XP level 3. HP: 23/23 MP: 3/3
  1070 | D:2      | Reached skill level 1 in Dodging
  1331 | D:2      | Reached XP level 4. HP: 25/29 MP: 4/4
  1628 | D:3      | Reached skill level 3 in Maces & Flails
  1669 | D:3      | Noticed a scorpion
  1675 | D:3      | Killed a scorpion
  1676 | D:3      | Reached XP level 5. HP: 32/33 MP: 5/5
  2367 | D:4      | Reached skill level 4 in Maces & Flails
  2422 | D:4      | Noticed a steam dragon
  2505 | D:3      | Reached XP level 6. HP: 6/38 MP: 6/6
  3323 | D:4      | HP: 1/38 [something] (4)]
  3348 | D:5      | Entered Level 5 of the Dungeon
  3484 | D:5      | Found Yzoo's Antique Armour Emporium.
  3594 | D:5      | Noticed a black bear
  3617 | D:5      | Reached skill level 5 in Maces & Flails
  3621 | D:5      | Killed a black bear
  3622 | D:5      | Reached XP level 7. HP: 29/43 MP: 7/7
  3742 | D:5      | Identified the +6 dagger of Veup {flame, Int+4 Dex+5}
  4155 | D:6      | Reached skill level 1 in Stealth
  4232 | D:6      | Reached skill level 6 in Maces & Flails
  4232 | D:6      | Reached skill level 5 in Armour
  4253 | D:6      | Found a staircase to the Ecumenical Temple.
  4263 | D:6      | Reached XP level 8. HP: 48/48 MP: 8/8
  4273 | Temple   | Entered the Ecumenical Temple
  4317 | D:6      | Reached skill level 5 in Fighting
  4995 | D:6      | Reached skill level 7 in Maces & Flails
  5169 | D:6      | Noticed Pikel
  5302 | D:6      | Reached skill level 5 in Shields
  5342 | D:6      | Noticed Sigmund
  5352 | D:6      | Killed Sigmund
  5353 | D:6      | Reached skill level 1 in Throwing
  5356 | D:6      | Reached XP level 9. HP: 50/55 MP: 9/9
  5439 | D:6      | Killed Pikel
  5440 | D:6      | Reached skill level 8 in Maces & Flails
  6218 | D:7      | Noticed a troll
  6809 | D:7      | Found a runed translucent gate.
  6809 | D:7      | Found a runed translucent gate.
  6809 | D:7      | Found a runed translucent gate.
  6810 | D:7      | Noticed blacky4's ghost (novice DjFE)
  6987 | D:7      | Noticed a two-headed ogre
  6987 | D:7      | Noticed a two-headed ogre
  7103 | D:6      | Killed a troll
  7104 | D:6      | Reached skill level 9 in Maces & Flails
  7369 | D:7      | Found the +12 pair of quick blades "Gyre" and "Gimble"
                  | {protect}
  7882 | D:8      | Reached XP level 10. HP: 29/63 MP: 10/10
  8274 | D:8      | Killed from afar by an orc priest

Illustrated notes

Levels and vault maps discovered:
D:1:      evilmike_arrival_crescent, layout_basic
D:2:      layout_basic
D:3:      layout_loops_ring
D:4:      layout_rooms
D:5:      layout_rooms, serial_shops, shop
D:6:      layout_rooms, minmay_temple_entry_proselytizer,
          nicolae_lava_and_water, uniq_pikel, uniq_sigmund
D:7:      layout_gridville, gammafunk_ghost_necromancy,
          chequers_serial_rivers_small_b,
          hellmonk_guarded_unrand_gyre_and_gimble
D:8:      layout_loops_corners, enter_bailey_6, kennysheep_generic_room_3
Temple:   nicolae_temple_ecumenical_triangle

Skill      XL: |  1  2  3  4  5  6  7  8  9 10 |
---------------+-------------------------------+-----
Dodging        | 1 2 |  2.5
Maces & Flails | 3 4 5 6 7 9 |  9.8
Fighting       | 4 5 7 |  7.1
Armour         | 4 5 6 7 8 |  8.2
Shields        | 4 5 |  5.8
Stealth        | 1 |  1.7
Throwing       | 1 |  1.8

Action                     |  1- 3 |  4- 6 |  7- 9 | 10-12 || total
---------------------------+-------+-------+-------+-------++-------
  Melee: Flail             |   174 |   162 |   363 |    71 ||   770
  Throw: Stone             |       |     8 |    48 |       ||    56
         Dart              |       |       |     3 |       ||     3
 Armour: Scale mail        |    85 |       |   118 |    21 ||   224
         Chain mail        |    29 |   109 |   144 |       ||   282
  Dodge: Dodged            |    79 |    73 |   191 |    22 ||   365
  Block: Buckler           |    29 |    41 |    80 |    15 ||   165

Table legend: (Time is in decaauts)
 A = Elapsed time spent in this place.
 B = Non-inter-level travel time spent in this place.
 C = Inter-level travel time spent in this place.
 D = Time resting spent in this place.
 E = Time spent auto-exploring this place.
 F = Levels seen in this place.
 G = Mean time per level.
                   A        B        C        D        E       F      G
               +--------+--------+--------+--------+--------+-----+--------+
         Total |   8402 |   7604 |    798 |   1027 |   4560 |   9 |  933.6 |
       Dungeon |   8400 |   7602 |    798 |   1027 |   4560 |   8 | 1050.0 |
        Temple |      1 |      1 |      0 |      0 |      0 |   1 |    1.0 |
               +--------+--------+--------+--------+--------+-----+--------+

Top non-repeatable levels by time:
     D:6: 1592 daAuts
     D:7: 1480 daAuts
     D:5: 1249 daAuts
     D:3: 1072 daAuts
     D:4: 1025 daAuts
     D:2: 765 daAuts
     D:1: 747 daAuts
     D:8: 466 daAuts
  Temple: 1 daAuts
